elektra, chaotic female human Rogue ---------- |........| # |......@.| -------------- -.--- |...$.q...# |............| #....| -------.-- |...........[| # ###|...| # ------- |....>...^...| -----.-# ########....| # |......######-............| #-.....|# ### ----- # #......| ----------|--- |....(|# # # ###|.....| #### #.......######## # # ------- # |.<...|# # ### # -------# ## # # ############# -.---# # ## ## |%..|# -|-----.--#### |...|# |........|## |...|# |.........## |...-# |........| ----- ---------- elektra the Pilferer Experience level: 10 Strength: 18 Dexterity: 18 Constitution: 17 Intelligence: 9 Wisdom: 12 Charisma: 10 Health: 0(77) Energy: 41(41) Def: 12 Gold: 368 Moves: 16279 Dungeon seed: PlNePSBtCWhCP85s Game ID: elektra_1538484062 Your Inventory: Coins $ - 368 gold pieces Weapons a - a blessed +0 dagger (weapon in hand) b - 12 uncursed +0 daggers (in quiver) d - an uncursed +0 dagger q - 20 uncursed +0 darts Armor p - an uncursed +0 cloak of protection (being worn) t - an uncursed +0 pair of gauntlets of dexterity z - a blessed +1 pair of iron shoes (being worn) I - an uncursed +0 dwarvish mithril-coat (being worn) J - an uncursed +2 dwarvish iron helm L - a blessed +3 dwarvish roundshield Comestibles l - an uncursed sprig of wolfsbane v - 2 uncursed lizard corpses X - 2 uncursed fortune cookies Rings K - an uncursed ring of fire resistance Wands j - an uncursed wand of striking (0:1) D - an uncursed wand of digging (0:6) T - an uncursed wand of slow monster (0:3) Tools g - an uncursed blindfold k - an uncursed lock pick B - an uncursed bag of holding N - an uncursed magic lamp (lit) Contents of the bag of holding: 5172 gold pieces 5 uncursed +0 daggers 4 uncursed +1 daggers named +1 20 uncursed +0 darts 6 cursed +0 darts 3 uncursed +0 elven daggers 7 uncursed +0 ya an uncursed banana an uncursed candy bar 2 uncursed cherries 2 uncursed eggs 10 uncursed food rations an uncursed lizard corpse an uncursed tripe ration 2 blessed scrolls of confuse monster 2 uncursed scrolls of create monster an uncursed scroll of enchant armor an uncursed scroll of food detection a blessed scroll of identify 2 uncursed scrolls of identify a cursed scroll of magic mapping an uncursed potion of booze a cursed potion of confusion 2 uncursed potions of object detection an uncursed potion of water a cursed ring of hunger an uncursed wand of cold (0:5) an uncursed wand of digging (0:4) an uncursed wand of striking (0:0) an uncursed credit card an uncursed sack a blessed tallow candle (0:200) an uncursed towel an uncursed wax candle (0:400) an uncursed worthless piece of black glass Spells and supernatural/magical abilities: Name Level Category Fail Memory W - pray for help -- divine ? -- Your skills at the end: Fighting Skills Weapon Skills dagger [Expert] short sword [Basic] Spellcasting Skills Final Attributes: You were piously aligned. You were cold resistant. You were poison resistant. You were telepathic. You had automatic searching. You were stealthy. You were protected. You are dead. Vanquished creatures: 4 giant mimics a zruty an umber hulk a flesh golem a long worm a stalker a black naga 2 wargs 2 small mimics 2 xans a quantum mechanic a troll a pyrolisk a shocking sphere a human mummy a giant beetle a quivering blob a cockatrice 2 leprechauns an iron piercer a horse an ice vortex 2 vampire bats a forest centaur 2 gnome kings a dwarf mummy 4 brown puddings an owlbear 3 gold golems 3 lizards 2 chickatrices a dog 2 housecats 3 jaguars a dwarf lord 3 blue jellies 5 plains centaurs a gnome mummy 2 snakes 2 apes 4 human zombies a Woodland-elf 2 soldier ants a fire ant 5 bugbears 3 wood nymphs a water nymph 2 mountain nymphs a Mordor orc 9 Uruk-hai an orc shaman 2 rock piercers a pony 2 fog clouds a yellow light 2 shriekers a violet fungus 9 gnome lords 5 gnomish wizards 3 kobold mummies a golden naga hatchling 3 guardian naga hatchlings 3 gray oozes an elf zombie 2 ghouls a straw golem 4 little dogs 2 floating eyes a kitten 8 dwarves 2 homunculi 2 kobold shamans 11 hill orcs 7 rothes 2 rabid rats 3 centipedes 3 giant bats a monkey an orc zombie 4 dwarf zombies 5 iguanas an acid blob 5 coyotes 3 gas spores a hobbit 3 large kobolds 6 hobgoblins 7 giant rats 5 cave spiders a brown mold 3 yellow molds 2 green molds 2 red molds 19 gnomes 7 garter snakes a gnome zombie 10 geckos 10 jackals 2 foxes 2 kobolds 2 goblins 7 sewer rats 6 grid bugs 10 bats 6 lichens 2 kobold zombies 9 newts 323 creatures vanquished. Voluntary challenges: You used a wielded weapon 511 times, starting on turn 15. You read items or engraved 157 times, starting on turn 979. You never genocided any monsters. You never polymorphed an object. You never changed form. You used no wishes. You split 2 puddings, starting on turn 8770. You wrote Elbereth's name 142 times, starting on turn 979. You never violated your personal moral code. Dungeon overview: The Dungeons of Doom: levels 1 to 21 Level 1 a long staircase Level 2 Level 3 some fountains, a sink stairs to The Gnomish Mines Level 4 Level 5 a general store, a fountain Level 6 a fountain Level 7 many fountains Level 8 (stash) a fountain stairs to Sokoban Level 9 a fountain Level 10 a fountain Level 11 an armor shop, a fountain Level 12 some fountains Level 13 Level 14 (quest) some fountains Level 15 a fountain Level 16 (stash) a fountain, a throne Level 17 Level 18 a temple to Mog Level 19 Level 20 <- You were here Level 21 (medusa (island)) The Gnomish Mines: levels 4 to 6 Level 4 stairs to The Dungeons of Doom Level 5 Level 6 many shops, a temple to Kos, some fountains Sokoban: levels 4 to 7 Level 4 Level 5 Level 6 Level 7 stairs to The Dungeons of Doom History has recorded: On T:1 you entered the Dungeons of Doom to retrieve the Amulet of Yendor! On T:194 you reached level 2 of The Dungeons of Doom. On T:349 you reached level 3 of The Dungeons of Doom. On T:421 you advanced to experience level 2. On T:449 you reached level 4 of The Dungeons of Doom. On T:570 you reached level 1 of The Gnomish Mines. On T:640 you advanced to experience level 3. On T:733 you advanced to experience level 4. On T:901 you reached level 2 of The Gnomish Mines. On T:965 you advanced to experience level 5. On T:1444 you advanced to experience level 6. On T:1832 you reached level 3 of The Gnomish Mines. On T:2404 you advanced to experience level 7. On T:3368 you reached level 6 of The Dungeons of Doom. On T:3561 you reached level 7 of The Dungeons of Doom. On T:3743 you reached level 5 of The Dungeons of Doom. On T:4616 you reached level 8 of The Dungeons of Doom. On T:4675 you reached level 9 of The Dungeons of Doom. On T:4787 you reached level 4 of Sokoban. On T:5364 you reached level 3 of Sokoban. On T:6787 you reached level 2 of Sokoban. On T:7137 you advanced to experience level 8. On T:7457 you reached level 1 of Sokoban. On T:11449 you reached level 10 of The Dungeons of Doom. On T:11716 you advanced to experience level 9. On T:11925 you reached level 11 of The Dungeons of Doom. On T:12001 you reached level 12 of The Dungeons of Doom. On T:13109 you reached level 13 of The Dungeons of Doom. On T:13630 you reached level 14 of The Dungeons of Doom. On T:13663 you reached level 15 of The Dungeons of Doom. On T:14528 you reached level 16 of The Dungeons of Doom. On T:14611 you reached level 17 of The Dungeons of Doom. On T:15535 you advanced to experience level 10. On T:15569 you reached level 18 of The Dungeons of Doom. On T:15914 you reached level 19 of The Dungeons of Doom. On T:16073 you reached level 20 of The Dungeons of Doom. On T:16208 you reached level 21 of The Dungeons of Doom. Score breakdown: Gold: 5540 (12734 points) Experience: 10 levels (16712 points) Exploration: 21 levels ( 46.67%) (20225 points) Discoveries: 20 items ( 6.71%) ( 7771 points) Valuables value: (no points given unless you survive) Artifact value: 0 ( 0 points) Variety of kills: 107 monsters ( 28.08%) (15898 points) Turncount: 16279 turns (-3098 points) Survival: died (score multiplied by 80%) Total score: 56193 Latest messages: <"Shall I remove your boots, sweetheart?" [yn]: n> "Take off your gloves; they're too clumsy." "Take off your shield; it's in the way." "Take off your hat; let me run my fingers through your hair." "You're such a sweet lady; I wish..." You have a little trouble lifting b - an uncursed +0 dagger (in quiver). Your movements are slowed slightly because of your load. There are a few objects here. You hit the gray ooze! (2x) You hit the gray ooze. You kill the gray ooze! The mumak butts! The mumak misses. The mumak butts! The mumak bites! You write in the dust with your fingers. The mumak butts! The mumak misses. The mumak butts! You die... The sack is empty. The sack is empty. Final status: Goodbye elektra the Rogue, killed by a mumak... You died in The Dungeons of Doom on dungeon level 20 with 56193 points, and 5540 pieces of gold, after 16279 moves. You were level 10 with a maximum of 77 hit points when you died.